 Dungeon Crawl Stone Soup version 0.27-a0-1186-g8b4daa1eef (webtiles) character file.

Game seed: 2862551884002649409

322 karrick the Caller (level 6, -7/44 HPs)
             Began as a Gnoll Summoner on May 19, 2021.
             Mangled by a wyvern skeleton (14 damage)
             ... on level 5 of the Dungeon.
             The game lasted 00:05:51 (5975 turns).

karrick the Caller (Gnoll Summoner)                 Turns: 5975, Time: 00:05:52

Health: -7/44      AC:  3    Str:  9    XL:     6   Next: 47%
Magic:  5/14       EV: 13    Int: 15    God:
Gold:   133        SH:  0    Dex: 12    Spells: 6/15 levels left

rFire    . . .     SeeInvis .   b - +0 hand axe
rCold    . . .     Faith    .   (no shield)
rNeg     . . .     Spirit   .   a - +0 robe
rPois    +         Reflect  .   (no helmet)
rElec    .         Harm     .   o - +0 cloak
rCorr    .         Rampage  .   (no gloves)
Will     .....                  (no boots)
Stlth    +++.......             (no amulet)
HPRegen  0.14/turn              c - ring of poison resistance
MPRegen  0.14/turn              (no ring)

@: no status effects
A: fangs 1, strong nose, distributed training
a: no special abilities


You were on level 5 of the Dungeon.
You visited 1 branch of the dungeon, and saw 5 of its levels.

You collected 133 gold pieces.

Inventory:

Hand Weapons
 b - a +0 hand axe (weapon)
Armour
 a - a +0 robe (worn)
 o - a +0 cloak (worn)
Jewellery
 c - a ring of poison resistance (left hand)
 g - a +4 ring of evasion
 j - a ring of resist corrosion
Scrolls
 d - 2 scrolls of enchant weapon {unknown}
 e - a scroll of noise {unknown}
 f - a scroll of teleportation {unknown}
 h - a scroll of enchant armour {unknown}
 l - 2 scrolls of identify {unknown}
 m - a scroll of acquirement {unknown}
 p - a scroll of immolation {unknown}
 r - 3 scrolls of fog {unknown}
Potions
 i - a potion of curing {unknown}
 k - a potion of attraction {unknown}
 n - a potion of berserk rage {unknown}
 q - a potion of haste {unknown}
 s - a potion of brilliance {unknown}


   Skills:
 + Level 2.0 Fighting
 + Level 2.0 Short Blades
 + Level 2.0 Long Blades
 + Level 2.0 Axes
 + Level 2.0 Maces & Flails
 + Level 2.0 Polearms
 + Level 2.0 Staves
 + Level 2.0 Slings
 + Level 2.0 Bows
 + Level 2.0 Crossbows
 + Level 2.0 Throwing
 + Level 2.0 Armour
 + Level 5.0 Dodging
 + Level 4.6 Stealth
 + Level 2.0 Shields
 + Level 2.0 Unarmed Combat
 + Level 5.4 Spellcasting
 + Level 1.5 Conjurations
 + Level 1.5 Hexes
 + Level 7.3 Summonings
 + Level 1.5 Necromancy
 + Level 1.5 Translocations
 + Level 1.5 Transmutations
 + Level 1.5 Fire Magic
 + Level 1.5 Ice Magic
 + Level 1.5 Air Magic
 + Level 1.5 Earth Magic
 + Level 1.5 Poison Magic
 + Level 2.2 Invocations
 + Level 2.0 Evocations


You had 6 spell levels left.
You knew the following spells:

 Your Spells              Type           Power      Damage    Failure   Level
a - Summon Small Mammal   Summ           100%       N/A       1%          1
b - Call Imp              Summ           25%        N/A       1%          2
c - Call Canine Familiar  Summ           25%        N/A       2%          3
d - Summon Guardian Gole  Hex/Summ       17%        N/A       8%          3

Your spell library contained the following spells:

 Spells                   Type           Power      Damage    Failure   Level
 Summon Ice Beast         Ice/Summ       17%        N/A       26%         4
 Summon Lightning Spire   Summ/Air       17%        N/A       26%         4


Dungeon Overview and Level Annotations

Branches:
Dungeon (5/15)
 Temple: D:4-7

Altars:
Cheibriados
Dithmenos
Fedhas
Nemelex Xobeh
Ru

Shops:
D:5 :


Innate Abilities, Weirdness & Mutations

You have very sharp teeth.
Your uncanny sense of smell can sniff out nearby items.
Your experience applies equally to all skills.


Message History

The phantom is lightly damaged.
The phantom hits you.
Your crimson imp barely misses the phantom.
Unknown command.
You closely miss the phantom.
The phantom is lightly damaged.
A wyvern skeleton comes into view.
Your crimson imp hits the phantom but does no damage.
The phantom hits you!
Your crimson imp blinks!
Your crimson imp misses the phantom.
You are too injured to fight recklessly!
Unknown command.
Unknown command.
You hit the phantom.
The phantom is lightly damaged.
Your crimson imp closely misses the phantom.
The phantom hits you!
* * * LOW HITPOINT WARNING * * *
The phantom blinks!
You blink.
Unknown command.
You hit the phantom.
The phantom is moderately damaged.
The phantom hits you!
* * * LOW HITPOINT WARNING * * *
The phantom blinks!
You blink.
The phantom barely misses you.
Unknown command.
You hit the phantom.
The phantom is moderately damaged.
The phantom closely misses you.
Unknown command.
Your crimson imp blinks!
Your hound misses the phantom.
Your hound bites the phantom.
Your crimson imp closely misses the phantom.
The phantom completely misses your crimson imp.
Your hound bites the phantom.
Your crimson imp closely misses the phantom.
The wyvern skeleton bites you!
You die...

#.#####.(.###.
#...#..Z......
#..#.∩.......
#.....######.
#.#...#
#.#...#
#.#...######..
#5..§.........
#.#.#Z@####
#.#.#..######.
#....55.......
###.#hW#######
#.#..# #.#..#
#.#.h# .#..#
.#...


You could see a phantom (ally target), a howler monkey (asleep), a wyvern
skeleton, a friendly hound (summoned) and 3 friendly crimson imps.

Vanquished Creatures
  A hound (D:4)
  5 adders
  A worm (D:4)
  2 dart slugs
  6 ball pythons
  7 bats
  8 endoplasms
  2 giant cockroaches
  4 goblins
  6 hobgoblins
  5 jackals
  2 kobolds (D:1)
  2 quokkas
  2 frilled lizards (D:3)
  4 rats
57 creatures vanquished.

Vanquished Creatures (collateral kills)
  An ogre (D:4)
  2 scorpions (D:4)
  A hound (D:4)
  2 iguanas
  A hound skeleton (D:4)
  2 adders (D:4)
  A worm (D:4)
  An orc (D:4)
  3 endoplasms
  2 goblins (D:4)
  4 hobgoblins (D:1)
  4 jackals
  2 quokkas (D:4)
  3 ball pythons
29 creatures vanquished.

Grand Total: 86 creatures vanquished

Notes
Turn   | Place    | Note
-------+----------+-------------------------------------------
     0 | D:1      | karrick the Gnoll Summoner began the quest for the Orb.
     0 | D:1      | Reached XP level 1. HP: 13/13 MP: 6/6
   390 | D:1      | Reached XP level 2. HP: 4/19 MP: 4/7
  1402 | D:1      | Reached XP level 3. HP: 25/25 MP: 6/9
  1464 | D:1      | Reached skill level 5 in Spellcasting
  1966 | D:2      | Reached skill level 1 in Invocations
  2223 | D:2      | Learned a level 2 spell: Call Imp
  2227 | D:2      | Learned a level 3 spell: Call Canine Familiar
  2231 | D:2      | Learned a level 3 spell: Summon Guardian Golem
  2366 | D:2      | Reached skill level 1 in Fighting
  2366 | D:2      | Reached skill level 1 in Short Blades
  2366 | D:2      | Reached skill level 1 in Long Blades
  2366 | D:2      | Reached skill level 1 in Axes
  2366 | D:2      | Reached skill level 1 in Maces & Flails
  2366 | D:2      | Reached skill level 1 in Polearms
  2366 | D:2      | Reached skill level 1 in Staves
  2366 | D:2      | Reached skill level 1 in Slings
  2366 | D:2      | Reached skill level 1 in Bows
  2366 | D:2      | Reached skill level 1 in Crossbows
  2366 | D:2      | Reached skill level 1 in Throwing
  2366 | D:2      | Reached skill level 1 in Armour
  2366 | D:2      | Reached skill level 1 in Shields
  2366 | D:2      | Reached skill level 1 in Unarmed Combat
  2366 | D:2      | Reached skill level 1 in Evocations
  2375 | D:2      | Reached XP level 4. HP: 25/32 MP: 6/11
  2838 | D:2      | Reached skill level 1 in Conjurations
  2838 | D:2      | Reached skill level 1 in Hexes
  2838 | D:2      | Reached skill level 1 in Necromancy
  2838 | D:2      | Reached skill level 1 in Translocations
  2838 | D:2      | Reached skill level 1 in Transmutations
  2838 | D:2      | Reached skill level 1 in Fire Magic
  2838 | D:2      | Reached skill level 1 in Ice Magic
  2838 | D:2      | Reached skill level 1 in Air Magic
  2838 | D:2      | Reached skill level 1 in Earth Magic
  2838 | D:2      | Reached skill level 1 in Poison Magic
  3831 | D:3      | Found a sacrificial altar of Ru.
  3834 | D:3      | Found a sparkling altar of Nemelex Xobeh.
  3922 | D:3      | Found a shadowy altar of Dithmenos.
  3925 | D:3      | Found a blossoming altar of Fedhas.
  4215 | D:4      | Reached XP level 5. HP: 18/37 MP: 12/12
  5116 | D:4      | Noticed an ogre
  5124 | D:4      | Killed an ogre
  5125 | D:4      | Reached XP level 6. HP: 44/44 MP: 1/13
  5469 | D:4      | Found a snail-covered altar of Cheibriados.
  5801 | D:4      | Reached skill level 5 in Dodging
  5951 | D:5      | Entered Level 5 of the Dungeon
  5951 | D:5      | Found Quuckee's Book Shoppe.
  5975 | D:5      | Mangled by a wyvern skeleton

Illustrated notes

Levels and vault maps discovered:
D:1:      dpeg_arrival_short_road, layout_loops_cross
D:2:      layout_basic, corexii_leaking_fountain, minmay_misc_feat_x
D:3:      layout_basic, grunt_temple_overflow_cloverleaf
D:4:      layout_rooms, slow_altar_2, nrook_mini_backslash,
          chequers_serial_rivers_micro_a
D:5:      layout_loops_ring, yredelemnul_forgotten_temple_becter,
          temple_fountains, serial_shops, shop, minmay_ruined_shrine

Skill      XL: |  1  2  3  4  5  6 |
---------------+-------------------+-----
Spellcasting   | 5 |  5.4
Invocations    | 1 2 |  2.2
Fighting       | 1 2 |  2.0
Short Blades   | 1 2 |  2.0
Long Blades    | 1 2 |  2.0
Axes           | 1 2 |  2.0
Maces & Flails | 1 2 |  2.0
Polearms       | 1 2 |  2.0
Staves         | 1 2 |  2.0
Slings         | 1 2 |  2.0
Bows           | 1 2 |  2.0
Crossbows      | 1 2 |  2.0
Throwing       | 1 2 |  2.0
Armour         | 1 2 |  2.0
Shields        | 1 2 |  2.0
Unarmed Combat | 1 2 |  2.0
Evocations     | 1 2 |  2.0
Conjurations   | 1 |  1.5
Hexes          | 1 |  1.5
Necromancy     | 1 |  1.5
Translocations | 1 |  1.5
Transmutations | 1 |  1.5
Fire Magic     | 1 |  1.5
Ice Magic      | 1 |  1.5
Air Magic      | 1 |  1.5
Earth Magic    | 1 |  1.5
Poison Magic   | 1 |  1.5
Dodging        | 5 |  5.0
Stealth        | |  4.6
Summonings     | |  7.3

Action                   |  1- 3 |  4- 6 || total
-------------------------+-------+-------++-------
Melee: Hand axe          |   117 |   178 ||   295
       Unarmed           |     5 |       ||     5
       Bite              |     6 |    12 ||    18
       Punch             |       |     1 ||     1
 Cast: Summon Small Mamm |    15 |       ||    15
       Call Imp          |     2 |    13 ||    15
       Call Canine Famil |     1 |    14 ||    15
 Stab: Sleeping          |     8 |     7 ||    15
Armor: Robe              |    26 |    35 ||    61
Dodge: Dodged            |   124 |   129 ||   253

Table legend: (Time is in decaauts)
 A = Elapsed time spent in this place.
 B = Non-inter-level travel time spent in this place.
 C = Inter-level travel time spent in this place.
 D = Time resting spent in this place.
 E = Time spent auto-exploring this place.
 F = Levels seen in this place.
 G = Mean time per level.
                   A        B        C        D        E       F      G
               +--------+--------+--------+--------+--------+-----+--------+
         Total |   6046 |   5965 |     81 |      0 |   5192 |   5 | 1209.2 |
       Dungeon |   6046 |   5965 |     81 |      0 |   5192 |   5 | 1209.2 |
               +--------+--------+--------+--------+--------+-----+--------+

Top non-repeatable levels by time:
     D:1: 1966 daAuts
     D:4: 1776 daAuts
     D:2: 1233 daAuts
     D:3: 1045 daAuts
     D:5: 24 daAuts
